 Dungeon Crawl Stone Soup version 0.20-a0-1039-gf554463 (webtiles) character file.

3735 JeffiDaFish the Blocker (level 10, -16/63 HPs)
             Began as a Gargoyle Fighter on Apr 22, 2017.
             Was a Believer of Okawaru.
             Killed from afar by Erolcha (34 damage)
             ... with a crystal spear
             ... on level 9 of the Dungeon on Apr 23, 2017.
             The game lasted 00:18:30 (6102 turns).

JeffiDaFish the Blocker (Gargoyle Fighter)          Turns: 6102, Time: 00:18:32

Health: -16/63     AC: 25    Str: 21    XL:     10   Next: 15%
Magic:  0/10       EV:  7    Int:  8    God:    Okawaru [**....]
Gold:   682        SH: 11    Dex: 12    Spells: 9/9 levels left

rFire    + . .     SeeInvis +   n - +3 mace (venom)
rCold    . . .     Gourm    .   c - +0 shield
rNeg     + . .     Faith    .   i - +0 plate armour
rPois    ∞         Spirit   +   (helmet restricted)
rElec    +         Reflect  .   b - +1 cloak (curse)
rCorr    .         Harm     .   a - +0 pair of gloves
MR       .....                  j - +0 pair of boots
Stlth    ..........             l - amulet of guardian spirit
Regen    0.2/turn               q - ring of see invisible
MPRegen  0.2/turn               (no ring)

@: no status effects
A: hooves 1, horns 1, fire resistance 1, negative energy resistance 1,
electricity resistance, wild magic 1, unbreathing, petrification resistance, rot
immunity, AC +7
a: Heroism, Renounce Religion


You were on level 9 of the Dungeon.
You worshipped Okawaru.
Okawaru was pleased with you.
You were not hungry.

You visited 2 branches of the dungeon, and saw 10 of its levels.
You also visited: Ossuary.

You collected 682 gold pieces.

Inventory:

Hand Weapons
 n - a +3 mace of venom (weapon)
 v - a +1 flail of protection
Armour
 a - a +0 pair of gloves (worn)
 b - a cursed +1 cloak (worn)
 c - a +0 shield (worn)
 i - a +0 plate armour (worn)
 j - a +0 pair of boots (worn)
Jewellery
 l - an amulet of guardian spirit (around neck)
 q - a ring of see invisible (left hand)
Scrolls
 e - 3 scrolls of amnesia
 h - 8 scrolls of remove curse
 r - a scroll of identify
 s - 3 scrolls of teleportation
Potions
 d - 4 potions of cancellation
 g - 4 potions of haste
 m - 2 potions of flight
 p - 2 potions of might
Comestibles
 f - 11 bread rations
 k - 4 royal jellies
 o - 3 meat rations
 u - 4 fruits
 w - 8 chunks of flesh


   Skills:
 + Level 7.6 Fighting
 + Level 8.6 Maces & Flails
 + Level 7.3 Armour
 + Level 5.4 Dodging
 + Level 5.2 Stealth
 + Level 8.7 Shields


You had 9 spell levels left.
You didn't know any spells.

Dungeon Overview and Level Annotations

Branches:
Dungeon (9/15)             Temple (1/1) D:6
   Lair: D:8-11         Orc: D:9-12

Altars:
Ashenzari
Cheibriados
Dithmenos
Elyvilon
Fedhas
Gozag
Hepliaklqana
Kikubaaqudgha
Makhleb
Nemelex Xobeh
Okawaru
Qazlal
Ru
Sif Muna
Trog
Xom

Annotations:
D:9 Erolcha, Joseph


Innate Abilities, Weirdness & Mutations

You are resistant to torment.
Your stone body is resilient. (AC +7)
You are immune to poison.
You resist negative energy. (rN+)
You are resistant to electric shocks. (rElec)
You can survive without breathing.
You are immune to petrification.
You are immune to rotting.
You have large cloven feet.
You have a pair of small horns on your head.
Your flesh is heat resistant. (rF+)
Your spells are a little harder to cast, but a little more powerful.


Message History

Your shield and plate armour prevent you from hitting Erolcha.
You headbutt Erolcha.
Erolcha is heavily wounded.
Erolcha hits you but does no damage.
Joseph drinks a potion.
Joseph suddenly seems more agile.
You hit Erolcha.
Erolcha looks as sick as possible!
Erolcha is severely wounded.
Erolcha gestures at you while chanting. The crystal spear hits you!
* * * LOW HITPOINT WARNING * * *
You hear a shout!
Unknown command.
You feel better. You block Erolcha's attack.
The orc priest invokes the aid of Beogh against you.
Beogh smites you!
* * * LOW HITPOINT WARNING * * *
Erolcha points at you and mumbles some strange words.
The crystal spear hits you!
Ouch! That really hurt!
You die...

...<........
##....##########
...............###
.......#.........#
.......#.........#
.......#.........#
.......#.........#
.......#.........#
.......#........@####..#
.......#######...Oooo@..
.......# #####oo....
.......# o..... ########
.)... ..... .... ####


You could see Joseph, Erolcha, an orc warrior, an orc priest and 4 orcs.

Vanquished Creatures
  A hippogriff (D:7)
  The ghost of NictusVictus the Shield-Bearer, an amateur DsFi (D:4)
  A hungry ghost (D:8)
  Menkaure (D:6)
  A water moccasin (D:7)
  3 ice beasts
  2 orc warriors
  2 sky beasts (D:7)
  The ghost of Nicocat the Skirmisher, an amateur DrCK of Xom (D:3)
  2 ogres
  A phantom (D:4)
  A centaur (D:7)
  4 bullfrogs
  Blork the orc (D:4)
  A scorpion (D:5)
  2 howler monkeys
  A centaur zombie (D:6)
  5 crimson imps
  6 hounds
  A centaur skeleton (D:7)
  3 orc wizards
  2 orc priests
  A gnoll shaman (D:6)
  2 jellies
  An iguana (D:4)
  8 worker ants
  2 hound skeletons
  8 mummies (Ossuary)
  14 gnolls
  18 adders
  A shadow imp (D:7)
  2 oozes
  2 adder skeletons
  3 worms
  2 dart slugs
  5 leopard geckos
  35 orcs
  7 bats
  3 giant cockroaches
  10 goblins
  10 hobgoblins
  11 jackals
  4 kobolds
  5 quokkas
  4 frilled lizards
  A gnoll zombie (Ossuary)
  2 kobold zombies (Ossuary)
  A leopard gecko skeleton (D:7)
  5 orc zombies (Ossuary)
  A quokka zombie (D:7)
  4 rats
215 creatures vanquished.

Notes
Turn   | Place    | Note
-------+----------+-------------------------------------------
     0 | D:1      | JeffiDaFish the Gargoyle Fighter began the quest for the Orb.
     0 | D:1      | Reached XP level 1. HP: 14/14 MP: 1/1
    98 | D:1      | Reached XP level 2. HP: 19/19 MP: 2/2
   261 | D:1      | Reached XP level 3. HP: 23/24 MP: 3/3
   804 | D:2      | Reached XP level 4. HP: 29/29 MP: 4/4
  1421 | D:3      | Reached XP level 5. HP: 33/33 MP: 5/5
  1660 | D:3      | Reached skill level 5 in Maces & Flails
  1660 | D:3      | Reached skill level 5 in Dodging
  1660 | D:3      | Reached skill level 5 in Stealth
  1660 | D:3      | Reached XP level 6. HP: 42/42 MP: 3/6
  1661 | D:3      | Upgraded the game from 0.20-a0-1034-gb277f92 to 0.20-a0-1039-gf554463
  1722 | D:3      | Found a shattered altar of Ashenzari.
  1731 | D:3      | Noticed Nicocat's ghost (amateur DrCK)
  1797 | D:3      | Paralysed by Nicocat's ghost for 4 turns
  1805 | D:3      | Killed Nicocat's ghost
  2040 | D:3      | Found an opulent altar of Gozag.
  2092 | D:3      | Found a sparkling altar of Nemelex Xobeh.
  2182 | D:3      | Reached XP level 7. HP: 44/47 MP: 5/7
  2413 | D:4      | Noticed Blork the orc
  2427 | D:4      | Killed Blork the orc
  2481 | D:4      | Noticed NictusVictus's ghost (amateur DsFi)
  2492 | D:4      | Killed NictusVictus's ghost
  2595 | D:4      | Reached XP level 8. HP: 52/52 MP: 8/8
  2884 | D:5      | Entered Level 5 of the Dungeon
  2949 | D:5      | Found a blossoming altar of Fedhas.
  3282 | D:5      | Found a sacrificial altar of Ru.
  3367 | D:5      | Found a sand-covered staircase.
  3376 | Ossuary  | Entered an ossuary
  3640 | Ossuary  | Gained mutation: Your flesh is heat resistant. (rF+) [potion of mutation]
  3640 | Ossuary  | Gained mutation: You have a pair of small horns on your head. [potion of mutation]
  3640 | Ossuary  | Gained mutation: You have large cloven feet. [potion of mutation]
  3640 | Ossuary  | Gained mutation: Your spells are a little harder to cast, but a little more powerful. [potion of mutation]
  3819 | D:5      | Found a snail-covered altar of Cheibriados.
  4022 | D:6      | Noticed Menkaure
  4049 | D:6      | Killed Menkaure
  4049 | D:6      | Reached XP level 9. HP: 48/57 MP: 7/9
  4243 | D:6      | Found a staircase to the Ecumenical Temple.
  4256 | Temple   | Entered the Ecumenical Temple
  4262 | Temple   | Became a worshipper of Warmaster Okawaru
  4449 | D:6      | Found a deep blue altar of Sif Muna.
  4450 | D:6      | Found a shattered altar of Ashenzari.
  4741 | D:7      | Reached * piety under Okawaru
  5172 | D:7      | Reached ** piety under Okawaru
  5376 | D:7      | Reached XP level 10. HP: 55/63 MP: 6/10
  5507 | D:8      | Found a shimmering altar of Xom.
  6084 | D:9      | Noticed Erolcha
  6091 | D:9      | Noticed Joseph
  6102 | D:9      | Killed from afar by Erolcha

Vault maps used:
D:1:      matt_arrival_refuge
D:2:      first_bread
D:3:      overflow_temple_1_default, lemuel_crystal_altar, ashenzari_altar_1
D:4:      uniq_blork_the_orc
D:5:      hangedman_ru_absence, fedhas_altar_3, marbit_many_paths,
          nicolae_ossuary_entry_monument
D:6:      gammafunk_temple_overflow_pools, temple_statues, uniq_menkaure
D:7:      grunt_ogre_cave
D:8:      kennysheep_little_box
D:9:      erik_lair_dragon, serial_shops, kennysheep_mini, uniq_psyche,
          uniq_erolcha, uniq_maurice, uniq_joseph
Temple:   eino_narrow_crystal_temple
Ossuary:  ossuary_tomb_3

Skill      XL: |  1  2  3  4  5  6  7  8  9 |
---------------+----------------------------+-----
Fighting       | 4 6 7 |  7.6
Shields        | 4 6 7 8 |  8.7
Maces & Flails | 3 5 6 7 8 |  8.6
Armour         | 6 7 |  7.3
Dodging        | 5 |  5.4
Stealth        | 5 |  5.2

Action                   |  1- 3 |  4- 6 |  7- 9 | 10-12 || total
-------------------------+-------+-------+-------+-------++-------
Melee: Flail             |   107 |   175 |   142 |       ||   424
       Mace              |       |       |   373 |    79 ||   452
       Kick              |       |       |    61 |     4 ||    65
       Headbutt          |       |       |    43 |    13 ||    56
  Use: Scroll            |     3 |     4 |    11 |     1 ||    19
       Potion            |     1 |     2 |     6 |     1 ||    10
 Stab: Distracted        |       |     1 |       |       ||     1
  Eat: Chunk             |       |     5 |    11 |     5 ||    21
Armor: Scale mail        |    68 |    87 |       |       ||   155
       Plate armour      |       |     1 |   296 |    33 ||   330
Dodge: Dodged            |    36 |    69 |   130 |     8 ||   243
Block: Shield            |    69 |   133 |   276 |    32 ||   510
